General information
- name: BNet
- type: Ladder team game (AT/RT)
- host: Battle.net
- saver: BoxOfChocolates
map: MarketSquare
- players: 8
- length: 29:30
- speed: Fast
- version: 1.27 W3XP
- replay type: Public
» download(202 KB)
Players
team 1 (loser)
ScorpionKjng (
pink | 64 APM | 1881 actions | 29:27)
5 Archmage
3 Summon Water Elemental
2 Brilliance Aura
6 Mountain King
3 Storm Bolt
2 Bash
1 Avatar
» actions
| Assign group hotkey | 24 | |
| Basic commands | 1 | |
| Build / train | 90 | |
| Enter build submenu | 39 | |
| Enter hero's abilities submenu | 11 | |
| Remove unit from queue | 1 | |
| Right click | 780 | |
| Select / deselect | 320 | |
| Select group hotkey | 512 | |
| Use ability | 103 | |
1881 total
» units
| Peasant | 26 | |
| Mortar Team | 10 | |
| Priest | 8 | |
| Siege Engine | 6 | |
50 total
» upgrades
| Lumber Harvesting | 2 | |
| Gunpowder | 3 | |
| Flare | 1 | |
| Armor | 2 | |
| Priest Training | 2 | |
| Fragmentation Shards | 1 | |
| Barrage | 1 | |
| Plating | 2 | |
14 total
» buildings
| Altar of Kings | 1 | |
| Farm | 13 | |
| Arcane Vault | 1 | |
| Lumber Mill | 2 | |
| Scout Tower | 7 | |
| Keep | 1 | |
| Town Hall | 3 | |
| Guard Tower | 6 | |
| Blacksmith | 1 | |
| Workshop | 6 | |
| Castle | 1 | |
| Arcane Sanctum | 1 | |
43 total
» build order
00:21 Altar of Kings
00:36 Farm
00:51 Arcane Vault
01:09 Lumber Mill
01:15 Farm
01:40 Scout Tower
03:54 Keep
03:59 Town Hall
04:04 Scout Tower
04:06 Scout Tower
04:20 Farm
04:35 Guard Tower
04:39 Scout Tower
05:02 Scout Tower
05:07 Scout Tower
05:10 Farm
05:16 Guard Tower
05:18 Lumber Mill
05:36 Guard Tower
05:42 Guard Tower
05:48 Blacksmith
05:51 Guard Tower
05:55 Farm
06:31 Farm
07:02 Workshop
07:09 Workshop
07:14 Workshop
07:18 Farm
07:53 Castle
08:00 Farm
08:16 Scout Tower
08:42 Farm
08:53 Arcane Sanctum
08:59 Guard Tower
09:56 Farm
11:23 Farm
12:21 Farm
13:50 Farm
20:03 Town Hall
22:50 Workshop
22:53 Workshop
23:00 Workshop
25:17 Town Hall
» items
| Scroll of Regeneration | 2 | |
| Scroll of Town Portal | 1 | |
3 total
Weed420 (
yellow | 24 APM | 406 actions | 16:48)
3 Tauren Chieftain
2 War Stomp
1 Endurance Aura
1 Far Seer
1 Chain Lighting
» actions
| Assign group hotkey | 3 | |
| Basic commands | 41 | |
| Build / train | 30 | |
| ESC pressed | 1 | |
| Enter build submenu | 14 | |
| Enter hero's abilities submenu | 4 | |
| Remove unit from queue | 1 | |
| Right click | 200 | |
| Select / deselect | 82 | |
| Select group hotkey | 5 | |
| Use ability | 25 | |
406 total
» units
| Peon | 9 | |
| Grunt | 5 | |
| Troll Headhunter/Berserker | 3 | |
17 total
» upgrades
| Pillage | 1 | |
| Melee Weapons | 2 | |
| Armor | 1 | |
4 total
» buildings
| War Mill | 1 | |
| Altar of Storms | 1 | |
| Orc Burrow | 4 | |
| Barracks | 2 | |
| Watch Tower | 8 | |
| Voodoo Lounge | 1 | |
| Stronghold | 1 | |
| Fortress | 1 | |
19 total
» build order
00:43 War Mill
00:56 Altar of Storms
00:57 Orc Burrow
02:03 Barracks
02:11 Barracks
02:59 Watch Tower
03:04 Watch Tower
03:13 Orc Burrow
05:46 Voodoo Lounge
05:56 Watch Tower
05:58 Watch Tower
06:55 Orc Burrow
06:58 Orc Burrow
11:05 Stronghold
11:14 Watch Tower
11:16 Watch Tower
11:18 Watch Tower
11:20 Watch Tower
13:26 Fortress

»
Mclovin16 (
purple | 57 APM | 1686 actions | 29:27)
6 Death Knight
3 Death Coil
2 Unholy Aura
1 Animate Dead
4 Lich
2 Frost Nova
2 Frost Armor
» actions
| Assign group hotkey | 29 | |
| Basic commands | 30 | |
| Build / train | 72 | |
| Enter build submenu | 28 | |
| Enter hero's abilities submenu | 10 | |
| Remove unit from queue | 1 | |
| Right click | 530 | |
| Select / deselect | 320 | |
| Select group hotkey | 578 | |
| Use ability | 88 | |
1686 total
» units
| Acolyte | 8 | |
| Ghoul | 3 | |
| Crypt Fiend | 8 | |
| Obsidian Statue | 2 | |
| Necromancer | 9 | |
30 total
» upgrades
| Creature Attack | 2 | |
| Creature Carapace | 2 | |
| Web | 1 | |
| Unholy Strength | 2 | |
| Necromancer Training | 2 | |
| Skeletal Longevity | 1 | |
| Destroyer Form | 1 | |
| Skeletal Mastery | 1 | |
| Unholy Armor | 1 | |
13 total
» buildings
| Altar of Darkness | 1 | |
| Ziggurat | 14 | |
| Graveyard | 1 | |
| Crypt | 2 | |
| Nerubian Tower | 1 | |
| Spirit Tower | 7 | |
| Tomb of Relics | 1 | |
| Halls of the Dead | 3 | |
| Slaughterhouse | 1 | |
| Black Citadel | 1 | |
| Temple of the Damned | 2 | |
| Necropolis | 3 | |
37 total
» build order
00:38 Altar of Darkness
00:44 Ziggurat
00:53 Graveyard
01:27 Crypt
01:49 Ziggurat
01:58 Nerubian Tower
02:23 Ziggurat
02:52 Spirit Tower
03:15 Nerubian Tower
03:47 Tomb of Relics
05:54 Ziggurat
06:40 Halls of the Dead
08:40 Crypt
09:15 Slaughterhouse
09:23 Ziggurat
12:40 Ziggurat
12:43 Ziggurat
12:53 Ziggurat
13:41 Black Citadel
13:52 Temple of the Damned
13:56 Temple of the Damned
14:20 Spirit Tower
15:23 Spirit Tower
15:26 Ziggurat
15:29 Ziggurat
15:37 Ziggurat
15:45 Necropolis
15:54 Necropolis
20:33 Spirit Tower
21:20 Necropolis
22:52 Halls of the Dead
24:51 Spirit Tower
24:52 Spirit Tower
24:55 Spirit Tower
26:03 Halls of the Dead
26:14 Ziggurat
26:20 Ziggurat
26:23 Ziggurat
» items
| Rod of Necromancy | 2 | |
| Scroll of Town Portal | 1 | |
| Orb of Corruption | 1 | |
4 total
LEGEND (
teal | 65 APM | 1918 actions | 29:27)
7 Priestess of the Moon
3 Searing Arrows
3 Trueshot Aura
1 Starfall
3 Keeper of the Grove
1 Entangling Roots
2 Thorns Aura
» actions
| Assign group hotkey | 10 | |
| Basic commands | 1 | |
| Build / train | 118 | |
| Enter build submenu | 26 | |
| Enter hero's abilities submenu | 9 | |
| Give item / drop item | 1 | |
| Remove unit from queue | 1 | |
| Right click | 956 | |
| Select / deselect | 632 | |
| Select group hotkey | 102 | |
| Use ability | 62 | |
1918 total
» units
| Wisp | 28 | |
| Archer | 24 | |
| Hippogryph | 29 | |
81 total
» upgrades
| Strength of the Moon | 3 | |
| Moon Armor | 3 | |
| Improved Bows | 1 | |
| Hippogryph Taming | 1 | |
| Strength of the Wild | 2 | |
| Reinforced Hides | 2 | |
| Marksmanship | 1 | |
| Nature's Blessing | 1 | |
| Well Spring | 1 | |
15 total
» buildings
| Altar of Elders | 1 | |
| Moon Well | 8 | |
| Ancient of War | 2 | |
| Hunter's Hall | 1 | |
| Tree of Life | 3 | |
| Tree of Ages | 4 | |
| Ancient of Wind | 2 | |
| Ancient of Wonders | 1 | |
| Tree of Eternity | 1 | |
| Ancient Protector | 4 | |
27 total
» build order
00:09 Altar of Elders
00:17 Moon Well
00:48 Ancient of War
01:36 Moon Well
01:57 Ancient of War
02:11 Moon Well
03:44 Hunter's Hall
04:55 Tree of Life
05:44 Tree of Ages
05:45 Tree of Ages
05:45 Tree of Ages
08:16 Ancient of Wind
08:20 Ancient of Wind
08:31 Ancient of Wonders
08:37 Moon Well
09:07 Tree of Eternity
09:13 Moon Well
10:47 Moon Well
11:32 Ancient Protector
12:34 Ancient Protector
14:47 Ancient Protector
15:07 Ancient Protector
16:38 Moon Well
19:39 Moon Well
23:38 Tree of Life
25:31 Tree of Life
» items
| Periapt of Vitality | 1 | |
| Orb of Venom | 1 | |
| Scroll of Town Portal | 2 | |
4 total
team 2 (winner)
eeeeee (
orange | 117 APM | 3457 actions | 29:27)
10 Goblin Tinker
3 Pocket Factory
3 Engineering Upgrade
1 Robo-Goblin
3 Cluster Rockets
2 Dark Ranger
1 Silence
1 Life Drain
2 Firelord
1 Soul Burn
1 Summon Lava Spawn
» actions
| Assign group hotkey | 55 | |
| Basic commands | 132 | |
| Build / train | 137 | |
| ESC pressed | 8 | |
| Enter build submenu | 46 | |
| Enter hero's abilities submenu | 14 | |
| Give item / drop item | 4 | |
| Right click | 735 | |
| Select / deselect | 537 | |
| Select group hotkey | 1528 | |
| Use ability | 261 | |
3457 total
» units
| Peasant | 30 | |
| Footman | 7 | |
| Kobold Geomancer | 1 | |
| Forest Troll High Priest | 8 | |
| Dragonhawk Rider | 8 | |
| Knight | 1 | |
| Gryphon Rider | 1 | |
56 total
» upgrades
| Defend | 1 | |
| Masonry | 3 | |
| Lumber Harvesting | 2 | |
| Armor | 3 | |
| Animal War Training | 1 | |
| Cloud | 1 | |
| Swords | 3 | |
| Storm Hammers | 1 | |
15 total
» buildings
| Barracks | 1 | |
| Farm | 14 | |
| Altar of Kings | 1 | |
| Town Hall | 8 | |
| Lumber Mill | 3 | |
| Keep | 1 | |
| Scout Tower | 23 | |
| Arcane Tower | 3 | |
| Blacksmith | 1 | |
| Arcane Vault | 2 | |
| Guard Tower | 5 | |
| Castle | 1 | |
| Gryphon Aviary | 3 | |
66 total
» build order
00:25 Barracks
00:29 Farm
01:09 Altar of Kings
01:41 Farm
02:19 Farm
03:26 Farm
04:07 Town Hall
04:13 Town Hall
04:25 Lumber Mill
04:40 Farm
04:41 Farm
05:28 Keep
05:38 Scout Tower
05:41 Scout Tower
05:41 Scout Tower
05:42 Scout Tower
05:43 Scout Tower
06:10 Scout Tower
06:11 Scout Tower
06:31 Arcane Tower
06:41 Blacksmith
06:44 Arcane Vault
06:47 Arcane Vault
07:14 Guard Tower
07:45 Arcane Tower
08:02 Castle
08:42 Farm
08:53 Gryphon Aviary
08:53 Gryphon Aviary
09:13 Gryphon Aviary
09:15 Farm
09:15 Farm
09:16 Farm
09:16 Farm
14:00 Scout Tower
14:00 Scout Tower
14:03 Scout Tower
14:03 Scout Tower
14:29 Guard Tower
14:31 Scout Tower
14:31 Scout Tower
14:32 Scout Tower
19:45 Guard Tower
20:49 Farm
20:50 Farm
20:51 Farm
21:22 Town Hall
21:24 Lumber Mill
21:25 Lumber Mill
23:17 Scout Tower
23:18 Scout Tower
23:19 Scout Tower
23:20 Scout Tower
23:22 Scout Tower
23:45 Arcane Tower
24:16 Town Hall
24:18 Scout Tower
24:19 Scout Tower
24:19 Scout Tower
24:44 Guard Tower
25:24 Guard Tower
26:07 Town Hall
26:10 Town Hall
26:14 Town Hall
28:26 Town Hall
» items
| Circlet of Nobility | 1 | |
| Lesser Clarity Potion | 1 | |
| Scroll of Regeneration | 7 | |
| Potion of Lesser Invulnerability | 2 | |
| Scroll of Healing | 10 | |
| Scroll of Town Portal | 6 | |
27 total
KyleBee (
red | 34 APM | 999 actions | 29:27)
3 Demon Hunter
2 Immolation
1 Evasion
» actions
| Assign group hotkey | 3 | |
| Basic commands | 2 | |
| Build / train | 63 | |
| Enter build submenu | 23 | |
| Enter hero's abilities submenu | 3 | |
| Remove unit from queue | 4 | |
| Right click | 581 | |
| Select / deselect | 271 | |
| Select group hotkey | 15 | |
| Use ability | 34 | |
999 total
» units
| Wisp | 14 | |
| Archer | 4 | |
| Huntress | 6 | |
| Chimaera | 18 | |
42 total
» upgrades
| Strength of the Wild | 3 | |
| Reinforced Hides | 3 | |
| Corrosive Breath | 1 | |
7 total
» buildings
| Altar of Elders | 1 | |
| Ancient of War | 1 | |
| Moon Well | 9 | |
| Hunter's Hall | 1 | |
| Tree of Ages | 2 | |
| Ancient of Wonders | 1 | |
| Ancient Protector | 3 | |
| Tree of Eternity | 1 | |
| Ancient of Wind | 1 | |
| Tree of Life | 1 | |
| Chimaera Roost | 2 | |
23 total
» build order
01:29 Altar of Elders
01:31 Ancient of War
01:34 Moon Well
01:35 Moon Well
01:38 Moon Well
03:35 Hunter's Hall
03:39 Moon Well
04:13 Tree of Ages
04:14 Tree of Ages
04:23 Ancient of Wonders
04:44 Ancient Protector
06:01 Moon Well
06:03 Moon Well
06:13 Ancient Protector
07:15 Tree of Eternity
07:34 Ancient of Wind
08:54 Tree of Life
09:54 Chimaera Roost
09:58 Chimaera Roost
15:19 Moon Well
15:29 Ancient Protector
19:21 Moon Well
19:23 Moon Well
undead_gryphon (
blue | 34 APM | 1005 actions | 29:27)
7 Dark Ranger
3 Black Arrow
2 Silence
1 Charm
1 Life Drain
» actions
| Assign group hotkey | 38 | |
| Basic commands | 69 | |
| Build / train | 66 | |
| ESC pressed | 1 | |
| Enter build submenu | 40 | |
| Enter hero's abilities submenu | 7 | |
| Give item / drop item | 2 | |
| Remove unit from queue | 1 | |
| Right click | 268 | |
| Select / deselect | 286 | |
| Select group hotkey | 133 | |
| Use ability | 93 | |
1005 total
» units
| Acolyte | 8 | |
| Ghoul | 6 | |
| Crypt Fiend | 3 | |
| Assassin | 1 | |
| Rogue | 1 | |
| Obsidian Statue | 8 | |
27 total
» upgrades
| Creature Attack | 3 | |
| Creature Carapace | 2 | |
| Web | 1 | |
| Destroyer Form | 1 | |
| Ghoul Frenzy | 1 | |
8 total
» buildings
| Graveyard | 3 | |
| Tomb of Relics | 3 | |
| Ziggurat | 18 | |
| Crypt | 1 | |
| Altar of Darkness | 3 | |
| Nerubian Tower | 6 | |
| Spirit Tower | 3 | |
| Halls of the Dead | 2 | |
| Slaughterhouse | 3 | |
| Black Citadel | 1 | |
| Necropolis | 2 | |
| Sacrificial Pit | 1 | |
46 total
» build order
00:21 Graveyard
00:31 Tomb of Relics
00:39 Ziggurat
00:41 Ziggurat
01:34 Crypt
01:43 Ziggurat
02:11 Altar of Darkness
02:46 Nerubian Tower
02:57 Spirit Tower
04:55 Halls of the Dead
06:56 Ziggurat
07:25 Slaughterhouse
07:27 Slaughterhouse
07:50 Black Citadel
07:55 Slaughterhouse
07:59 Spirit Tower
10:49 Ziggurat
10:51 Ziggurat
10:57 Ziggurat
10:59 Ziggurat
12:53 Ziggurat
12:56 Ziggurat
13:00 Ziggurat
13:52 Necropolis
15:05 Ziggurat
15:40 Ziggurat
15:43 Ziggurat
15:46 Ziggurat
15:49 Ziggurat
17:22 Spirit Tower
17:24 Nerubian Tower
17:27 Nerubian Tower
17:29 Spirit Tower
17:33 Nerubian Tower
19:18 Ziggurat
19:28 Sacrificial Pit
20:17 Nerubian Tower
22:15 Halls of the Dead
22:18 Altar of Darkness
22:24 Tomb of Relics
22:45 Nerubian Tower
22:49 Graveyard
24:04 Altar of Darkness
24:05 Ziggurat
27:51 Necropolis
28:11 Tomb of Relics
28:18 Graveyard
» items
| Rod of Necromancy | 2 | |
| Sacrificial Skull | 3 | |
| Potion of Healing | 1 | |
| Scroll of Town Portal | 2 | |
| Circlet of Nobility | 1 | |
| Staff of Teleportation | 1 | |
10 total
BoxOfChocolates (
green | 49 APM | 1449 actions | 29:30)
1 Mountain King
1 Storm Bolt
» actions
| Assign group hotkey | 3 | |
| Basic commands | 23 | |
| Build / train | 83 | |
| Enter build submenu | 62 | |
| Enter hero's abilities submenu | 1 | |
| Right click | 484 | |
| Select / deselect | 253 | |
| Select group hotkey | 452 | |
| Use ability | 88 | |
1449 total
» units
| Peasant | 33 | |
| Flying Machine | 6 | |
| Mortar Team | 4 | |
43 total
» upgrades
| Masonry | 3 | |
| Lumber Harvesting | 2 | |
| Gunpowder | 3 | |
| Plating | 3 | |
| Flak Cannons | 1 | |
| Flying Machine Bombs | 1 | |
| Armor | 2 | |
| Fragmentation Shards | 1 | |
| Flare | 1 | |
17 total
» buildings
| Lumber Mill | 2 | |
| Scout Tower | 46 | |
| Guard Tower | 19 | |
| Farm | 7 | |
| Keep | 1 | |
| Altar of Kings | 1 | |
| Blacksmith | 2 | |
| Town Hall | 3 | |
| Workshop | 5 | |
| Castle | 1 | |
| Arcane Vault | 1 | |
88 total
» build order
05:53 Lumber Mill
06:21 Scout Tower
06:23 Scout Tower
06:30 Scout Tower
07:02 Guard Tower
07:26 Scout Tower
07:26 Scout Tower
07:55 Guard Tower
08:06 Farm
08:13 Farm
08:17 Farm
08:21 Farm
08:25 Farm
09:15 Farm
09:21 Farm
09:30 Scout Tower
09:31 Scout Tower
09:34 Scout Tower
09:35 Scout Tower
09:36 Scout Tower
09:38 Scout Tower
09:39 Scout Tower
10:06 Guard Tower
10:29 Guard Tower
10:31 Guard Tower
10:50 Keep
11:02 Scout Tower
11:03 Scout Tower
11:08 Scout Tower
11:08 Scout Tower
11:16 Scout Tower
11:17 Scout Tower
11:21 Scout Tower
11:23 Scout Tower
11:56 Guard Tower
12:09 Guard Tower
12:09 Guard Tower
12:15 Guard Tower
12:27 Altar of Kings
12:35 Guard Tower
12:42 Guard Tower
13:55 Blacksmith
13:57 Blacksmith
14:29 Scout Tower
14:30 Scout Tower
14:31 Scout Tower
14:31 Scout Tower
14:33 Scout Tower
15:06 Guard Tower
15:36 Scout Tower
15:37 Scout Tower
15:39 Scout Tower
15:41 Scout Tower
15:53 Town Hall
16:08 Guard Tower
16:09 Guard Tower
16:16 Guard Tower
17:04 Workshop
17:08 Castle
17:24 Workshop
17:26 Workshop
17:30 Workshop
17:34 Workshop
17:46 Scout Tower
17:50 Scout Tower
17:52 Scout Tower
17:54 Scout Tower
17:56 Scout Tower
17:57 Scout Tower
17:59 Scout Tower
21:09 Lumber Mill
21:56 Guard Tower
24:49 Guard Tower
27:18 Town Hall
27:38 Town Hall
27:43 Scout Tower
27:47 Scout Tower
27:49 Scout Tower
27:51 Scout Tower
27:53 Scout Tower
27:56 Scout Tower
27:57 Scout Tower
27:59 Scout Tower
28:05 Scout Tower
28:05 Scout Tower
28:24 Guard Tower
28:28 Guard Tower
28:32 Arcane Vault
Chat log
(00:09 / Allies) undead_gryphon: gold?
(03:54 / Allies) eeeeee: me mass units
(04:58 / Allies) eeeeee: blue use mine}
(05:17 / Allies) undead_gryphon: kille his shit
(05:29 / Allies) KyleBee: lol what a faggot
(05:32 / Allies) KyleBee: nothing better to do
(06:19 / Allies) KyleBee: we need towers because he was afk
(06:49 / Allies) KyleBee: are we killing him or what
(06:58 / Allies) KyleBee: noÉ
(07:47 / Allies) eeeeee: ty
(09:01 / Allies) KyleBee: green you`re deadly
(09:45 / Allies) undead_gryphon: i had that feeling
(10:01 / Allies) KyleBee: yeah
(10:05 / Allies) KyleBee: we'll see
(10:23 / Allies) KyleBee: he is getting good towers at least
(11:25 / Allies) KyleBee: b
(11:25 / Allies) KyleBee: b
(11:26 / Allies) KyleBee: b
(11:58 / Allies) KyleBee: b
(11:58 / Allies) KyleBee: b
(11:58 / Allies) KyleBee: b
(15:49 / Allies) KyleBee: awesome they have hippos.. and tanks
(15:52 / Allies) KyleBee: we're fucked
(16:10 / Allies) undead_gryphon: take out yellow main red
(16:28 / Allies) undead_gryphon: omw
(16:36 / Allies) BoxOfChocolates: MIGHT ANT TO REPAIR PAL
(18:55 / Allies) undead_gryphon: care
(18:59 / Allies) undead_gryphon: b
(19:00 / Allies) undead_gryphon: b
(19:00 / Allies) undead_gryphon: b
(21:32 / Allies) KyleBee: oh shit out of no where heres green to the resuce
(21:32 / Allies) KyleBee: wtf
(23:03 / Allies) undead_gryphon: noew
(23:15 / Allies) KyleBee: cominh
(23:17 / Allies) KyleBee: oj
(23:18 / Allies) KyleBee: come
(24:59 / Allies) KyleBee: green gold?
(25:04 / Allies) undead_gryphon: gold plz
(25:07 / Allies) undead_gryphon: forehero
(25:22 / Allies) KyleBee: thx
(26:41 / Allies) undead_gryphon: nice
(26:44 / Allies) undead_gryphon: gj
(27:22 / Allies) BoxOfChocolates: kumber>
(27:23 / Allies) BoxOfChocolates: lumbeR?>
(27:26 / Allies) undead_gryphon: gold
(27:52 / Allies) KyleBee: PLAN?
(27:55 / Allies) KyleBee: MEET UP?
(27:58 / Allies) eeeeee: win
(28:02 / Allies) undead_gryphon: ya i got hero
(28:07 / Allies) undead_gryphon: for now
(28:36 / Allies) undead_gryphon: store green
(28:51 / Allies) eeeeee: ok